 Dungeon Crawl Stone Soup version 0.26-a0-537-g96b2eae49b (webtiles) character file.

Game seed: 4578460101047097248

1164 Morbidden the Stinger (level 8, -2/69 HPs)
             Began as a Naga Venom Mage on Aug 14, 2020.
             Engulfed by a cloud of flame (19 damage)
             ... on level 6 of the Dungeon.
             The game lasted 00:12:24 (6555 turns).

Morbidden the Stinger (Naga Venom Mage)             Turns: 6555, Time: 00:12:25

Health: -2/69      AC:  4    Str: 11    XL:     8   Next: 40%
Magic:  8/15       EV: 10    Int: 18    God:
Gold:   287        SH:  0    Dex: 11    Spells: 10/17 levels left

rFire    . . .     SeeInvis +   a - +1 spear (vamp)
rCold    . . .     Faith    .   (no shield)
rNeg     . . .     Spirit   .   g - +0 leather armour
rPois    +         Reflect  .   (no helmet)
rElec    .         Harm     .   (no cloak)
rCorr    .                      (no gloves)
MR       +....                  (no barding)
Stlth    +++.......             (no amulet)
HPRegen  0.21/turn              j - ring of stealth
MPRegen  0.14/turn              s - ring of flight

@: very slow
A: large, see invisible, deformed body, poison resistance, slowness 2, spit
poison 1, AC +2
a: Spit Poison, Evoke Flight


You were on level 6 of the Dungeon.
You visited 1 branch of the dungeon, and saw 6 of its levels.

You collected 287 gold pieces.

Inventory:

Hand Weapons
 a - a +1 vampiric spear (weapon)
 b - a +0 falchion of holy wrath
 q - a +0 short sword
Missiles
 r - 6 boomerangs (quivered)
Armour
 g - a +0 leather armour (worn)
Jewellery
 j - a ring of stealth (left hand)
 s - a ring of flight (right hand)
Scrolls
 c - 4 scrolls of identify
 e - a scroll of magic mapping
Potions
 d - a potion of stabbing {unknown}
 f - 3 potions of mutation
 h - a potion of degeneration {unknown}
 i - 2 potions of ambrosia {unknown}
 l - a potion of resistance {unknown}
 m - a potion of flight {unknown}
 o - 4 potions of curing {unknown}
 p - a potion of haste {unknown}


   Skills:
 * Level 3.1 Fighting
 + Level 1.1(1.3) Short Blades
 + Level 0.9(1.2) Long Blades
 + Level 1.1 Polearms
 + Level 1.3 Armour
 * Level 3.1 Dodging
 + Level 4.3 Stealth
 * Level 5.2 Spellcasting
 + Level 1.3 Transmutations
 + Level 2.3 Air Magic
 * Level 6.6 Poison Magic
 + Level 1.3 Evocations


You had 10 spell levels left.
You knew the following spells:

 Your Spells              Type           Power        Failure   Level
a - Sting                 Tmut/Pois      ###.         3%          1
b - Poisonous Vapours     Pois/Air       ###...       4%          2
c - Olgreb's Toxic Radia  Pois           ####....     11%         4

Your spell library contained the following spells:

 Spells                   Type           Power        Failure   Level
 Mephitic Cloud           Conj/Pois/Air  ###.....     16%         3
 Ignite Poison            Fire/Tmut/Pois ##......     17%         3


Dungeon Overview and Level Annotations

Branches:
Dungeon (6/15)
 Temple: D:4-7

Altars:
Dithmenos
Fedhas
Gozag
Nemelex Xobeh

Annotations:
D:5 1 runed translucent door, fly's ghost, weakling FoDe


Innate Abilities, Weirdness & Mutations

You cannot wear boots.
Your serpentine skin is tough. (AC +2)
You have supernaturally acute eyesight. (SInv)
Armour fits poorly on your strangely shaped body.
Your system is resistant to poisons. (rPois)
You cover ground very slowly.
You can spit poison.


Message History

Your Dodging skill increases to level 3!
You hear a shout!
Unknown command.
Unknown command.
Unknown command.
Unknown command.
Unknown command.
Unknown command.
Okay, then.
Okay, then.
You are engulfed in blazing flames.
* * * LOW HITPOINT WARNING * * *
Unknown command.
Unknown command.
Unknown command.
Unknown command.
Unknown command.
Unknown command.
You feel much better.
You are engulfed in blazing flames.
You die...

,,,,,*,,.#.* #.......).....###'#'
,,,*,,,,,..###.............#,#.#.
,,,****#,#.............#+#.#,#.#.
,,,,,,,..#...W........†..#.#,#.#.
,*,,,,,,,......###.......#.#,#.#.
*******####....# #.......#.#,#>#.
,,,,,,,........# #.......#.#,#.#.
***,,,,****#...###W....[.#.#,*,#.
,,,,,,,+,,,+....@§§......#.#,*,#.
,,,,,,,***#.†##.#°#+####'#+*,*,##
*,,,,,,,....#*###§#,**,,.$.,,*,*
**,*,,>....#**,,#Z#,**,,,..,**,**
,,,,,*.....,,,,*#O.,**,,,,,,**,,,
***,<,...#**,,,*#.#,**,,,,,,,,,,,
*****,...**,,,,,#s#***,,,,,,,,***
,,,,*,..,,*_,,,,().,,,,,,,,,,,* *
,,,,,,,,,**,,,,,)..,,,,,*,,,,,* *


You could see a phantom (inner flame), an ogre (inner flame, poisoned), a
scorpion and a killer bee zombie (inner flame).

Vanquished Creatures
  Sigmund (D:3)
  A black bear (D:6)
  An ice beast (D:5)
  2 ogres (D:5)
  A phantom (D:5)
  A big kobold (D:6)
  A bullfrog (D:6)
  A scorpion (D:4)
  A bullfrog skeleton (D:5)
  A hound (D:2)
  2 orc priests (D:3)
  Ijyb (D:3)
  Natasha (thrice) (D:3)
  A worker ant (D:5)
  A hound skeleton (D:5)
  4 adders
  A shadow imp (D:5)
  3 white imps
  An ooze (D:1)
  6 worms
  4 dart slugs
  4 leopard geckos
  11 orcs
  5 giant cockroaches
  5 goblins
  9 hobgoblins
  2 quokkas
  A ball python skeleton (D:5)
  7 bats
  7 frilled lizards
  A giant cockroach zombie (D:5)
  A jackal skeleton (D:5)
  8 kobolds
  A quokka zombie (D:5)
  3 rats
103 creatures vanquished.

Notes
Turn   | Place    | Note
-------+----------+-------------------------------------------
     0 | D:1      | Morbidden the Naga Venom Mage began the quest for the Orb.
     0 | D:1      | Reached XP level 1. HP: 15/15 MP: 3/3
   312 | D:1      | Reached XP level 2. HP: 22/22 MP: 5/5
   669 | D:1      | Learned a level 2 spell: Poisonous Vapours
   742 | D:1      | Reached XP level 3. HP: 30/30 MP: 3/6
  1371 | D:2      | Found a sparkling altar of Nemelex Xobeh.
  1487 | D:2      | Found a faded altar of an unknown god.
  1723 | D:2      | Reached XP level 4. HP: 37/37 MP: 8/8
  1875 | D:2      | You fall into a shaft and drop 1 floor!
  1999 | D:2      | Reached skill level 1 in Fighting
  1999 | D:2      | Reached skill level 1 in Short Blades
  2645 | D:3      | Noticed Ijyb
  2649 | D:3      | Killed Ijyb
  2649 | D:3      | Reached skill level 1 in Air Magic
  2649 | D:3      | Reached XP level 5. HP: 23/44 MP: 2/9
  2826 | D:3      | Reached skill level 5 in Poison Magic
  2979 | D:3      | Noticed Natasha
  2986 | D:3      | Killed Natasha
  3029 | D:3      | Found a blossoming altar of Fedhas.
  3034 | D:3      | Noticed Natasha
  3046 | D:3      | Killed Natasha
  3046 | D:3      | Reached XP level 6. HP: 42/52 MP: 4/11
  3202 | D:3      | Noticed Natasha
  3214 | D:3      | Killed Natasha
  3542 | D:3      | Noticed Sigmund
  3547 | D:3      | Killed Sigmund
  3774 | D:4      | Reached XP level 7. HP: 60/60 MP: 8/13
  4482 | D:4      | Learned a level 4 spell: Olgreb's Toxic Radiance
  4754 | D:5      | Entered Level 5 of the Dungeon
  5190 | D:5      | Found a shadowy altar of Dithmenos.
  5190 | D:5      | Found an opulent altar of Gozag.
  5520 | D:5      | Reached skill level 1 in Evocations
  5801 | D:5      | Found a runed translucent door.
  5805 | D:5      | Noticed fly's ghost (weakling FoDe)
  5923 | D:5      | Reached skill level 5 in Spellcasting
  5923 | D:5      | Reached skill level 6 in Poison Magic
  6138 | D:5      | Reached XP level 8. HP: 68/68 MP: 9/15
  6333 | D:6      | Reached skill level 1 in Armour
  6553 | D:6      | Reached skill level 1 in Polearms
  6555 | D:6      | Engulfed by a cloud of flame

Illustrated notes

Levels and vault maps discovered:
D:1:      wander_arrival_fairy_ring, layout_basic
D:2:      layout_basic, lemuel_crystal_altar, chequers_ecumenical_altar_simple
D:3:      layout_loops_ring, fedhas_altar_2, uniq_sigmund, uniq_ijyb,
          uniq_natasha
D:4:      layout_loops_ring, lemuel_flame_loot_1
D:5:      layout_loops_cross, gammafunk_temple_overflow_elements,
          ebering_ghost_sewer_d, grunt_ministairs_2, kennysheep_generic_room_8
D:6:      layout_basic, nicolae_overflow_hidden_temple, minmay_ruined_shrine

Skill      XL: |  1  2  3  4  5  6  7  8 |
---------------+-------------------------+-----
Fighting       | 1 2 3 |  3.1
Short Blades   | 1 |  1.1
Spellcasting   | 3 4 5 |  5.2
Air Magic      | 1 2 |  2.3
Poison Magic   | 5 6 |  6.6
Dodging        | 2 3 |  3.1
Stealth        | 4 |  4.3
Evocations     | 1 |  1.3
Armour         | 1 |  1.3
Polearms       | 1 |  1.1
Long Blades    | |  0.9
Transmutations | |  1.3

Action                   |  1- 3 |  4- 6 |  7- 9 || total
-------------------------+-------+-------+-------++-------
Melee: Unarmed           |     7 |       |       ||     7
       Short sword       |    19 |    25 |       ||    44
       Spear             |       |     2 |    52 ||    54
       Falchion          |       |       |    35 ||    35
Throw: Boomerang         |       |       |     3 ||     3
 Cast: Sting             |    14 |     8 |     1 ||    23
       Poisonous Vapours |    18 |    39 |    33 ||    90
       Olgreb's Toxic Ra |       |       |     2 ||     2
 Abil: Spit Poison       |    22 |    19 |    12 ||    53
Evoke: Wand              |       |     2 |    16 ||    18
  Use: Scroll            |       |     2 |     4 ||     6
       Potion            |       |       |     1 ||     1
 Stab: Sleeping          |     1 |     1 |     2 ||     4
       Paralysed         |       |       |     2 ||     2
       Confused          |       |       |     1 ||     1
Armor: Robe              |     2 |     5 |       ||     7
       Leather armour    |       |     1 |    14 ||    15
Dodge: Dodged            |    19 |    11 |    31 ||    61
       Rpst.: Falchion   |       |       |     8 ||     8

Table legend: (Time is in decaauts)
 A = Elapsed time spent in this place.
 B = Non-inter-level travel time spent in this place.
 C = Inter-level travel time spent in this place.
 D = Time resting spent in this place.
 E = Time spent auto-exploring this place.
 F = Levels seen in this place.
 G = Mean time per level.
                   A        B        C        D        E       F      G
               +--------+--------+--------+--------+--------+-----+--------+
         Total |   7926 |   7606 |    320 |    165 |   6566 |   6 | 1321.0 |
       Dungeon |   7926 |   7606 |    320 |    165 |   6566 |   6 | 1321.0 |
               +--------+--------+--------+--------+--------+-----+--------+

Top non-repeatable levels by time:
     D:5: 1822 daAuts
     D:3: 1702 daAuts
     D:2: 1474 daAuts
     D:1: 1321 daAuts
     D:4: 1313 daAuts
     D:6: 292 daAuts
